AoeStats
← Neitan

Lombardia

507752528Analyzed
4v4 RM · 14d ago on Sep 19, 2026· 59m 48s· 8 players
Game mode
Random Map
Map size
Large (8 player)
Population
200
Speed
Normal
Resources
Standard
Victory
Conquest
Starting age
Dark Age
Ending age
Imperial Age
RankedLock teamsTeams togetherTeam positionsShared explorationLock speedFull tech treeHidden civsTurbo modeCheats
Victory
Defeat
🇹🇼 Celts · Taiwan
1261
+18
🇻🇳 Cumans · Vietnam
1253
+18
🇹🇼 Mongols · Taiwan
1243
+19
🇦🇷 Hindustanis · Argentina
1209
+19
🇨🇳 Mongols · China
1313
-19
🇮🇳 Italians · India
1311
-19
🇪🇸 Dravidians · Spain
1291
-18
🇺🇸 Persians · United States
1289
-18
derri
8:30 Loom
10:15 Feudal Age
14:46 Castle Age
13:47 Double-Bit Axe
14:34 Town Watch
15:58 Horse Collar
16:31 Bow Saw
23:30 Wheelbarrow
23:06 Heavy Plow
23:54 Pikeman
24:39 Gold Mining
25:20 Squires
25:57 Hand Cart
26:03 Scale Mail Armor
26:14 Forging
28:01 Chain Mail Armor
31:54 Imperial Age
30:14 Iron Casting
31:57 Halberdier
33:09 Plate Mail Armor
33:39 Blast Furnace
37:58 Chemistry
36:56 Fletching
37:07 Padded Archer Armor
36:48 Elite Elephant Archer
37:54 Conscription
38:14 Bodkin Arrow
38:58 Bracer
39:13 Leather Archer Armor
39:11 Masonry
41:06 Thumb Ring
42:36 Arson
52:35 Town Patrol
52:09 Elite Urumi Swordsman
53:20 Medical Corps
53:39 Wootz Steel
55:58 Ring Archer Armor
NEWGUY
4:53 Loom
9:25 Feudal Age
10:14 Double-Bit Axe
10:10 Horse Collar
14:28 Wheelbarrow
20:01 Castle Age
21:06 Bow Saw
21:00 Heavy Plow
25:18 Fletching
25:40 Town Watch
26:32 Bodkin Arrow
29:16 Ballistics
33:37 Imperial Age
31:32 Gold Mining
32:25 Silk Road
32:35 Caravan
33:24 Fortified Wall
34:49 Conscription
33:56 Elite Genoese Crossbowman
34:40 Bracer
35:41 Chemistry
34:23 Treadmill Crane
34:56 Masonry
35:53 Hand Cart
36:42 Padded Archer Armor
37:14 Onager
53:02 Architecture
Les Boyageur
10:15 Feudal Age
10:18 Loom
14:24 Castle Age
12:58 Double-Bit Axe
15:16 Bow Saw
15:44 Horse Collar
21:24 Town Watch
24:27 Wheelbarrow
25:28 Heavy Plow
27:08 Hand Cart
27:56 Fletching
28:12 Scale Barding Armor
29:48 Chain Barding Armor
29:39 Forging
32:36 Imperial Age
30:38 Bloodlines
30:28 Husbandry
30:42 Forging
32:41 Iron Casting
32:21 Cavalier
34:58 Plate Barding Armor
33:49 Savar
35:54 Chemistry
35:15 Ballistics
35:12 Bodkin Arrow
37:26 Blast Furnace
39:01 Gold Mining
39:01 Stone Mining
40:34 Conscription
41:08 Citadels
41:32 Caravan
41:13 Pikeman
41:54 Squires
41:56 Scale Mail Armor
49:17 Chain Mail Armor
49:03 Padded Archer Armor
49:33 Crossbowman
50:19 Thumb Ring
50:27 Kamandaran
51:33 Leather Archer Armor
51:49 Plate Mail Armor
54:06 Ring Archer Armor
55:18 Light Cavalry
58:54 Kamandaran
fafagege
8:40 Loom
10:57 Feudal Age
15:26 Castle Age
13:13 Double-Bit Axe
13:09 Horse Collar
17:25 Bow Saw
18:25 Wheelbarrow
22:42 Hand Cart
24:43 Gold Mining
28:42 Fletching
31:59 Imperial Age
29:54 Town Watch
31:11 Gold Shaft Mining
32:53 Bodkin Arrow
34:01 Chemistry
33:25 Conscription
32:26 Elite Mangudai
33:39 Parthian Tactics
33:39 Bracer
33:41 Padded Archer Armor
34:44 Thumb Ring
35:43 Hoardings
35:37 Ballistics
39:18 Husbandry
39:43 Bloodlines
39:46 Light Cavalry
40:33 Scale Barding Armor
41:18 Hoardings
41:04 Leather Archer Armor
42:21 Murder Holes
42:58 Chain Barding Armor
43:26 Forging
44:56 Hussar
50:56 Onager
57:01 Caravan
Neitan
10:05 Feudal Age
13:52 Castle Age
12:32 Double-Bit Axe
13:09 Horse Collar
15:29 Bow Saw
20:17 Wheelbarrow
19:54 Town Watch
19:56 Loom
24:49 Gold Mining
25:07 Heavy Plow
28:31 Imperial Age
28:44 Heavy Camel Rider
29:24 Husbandry
29:35 Bloodlines
29:48 Scale Barding Armor
29:55 Forging
30:14 Scale Mail Armor
30:59 Chain Barding Armor
32:22 Chemistry
31:49 Caravan
32:52 Town Patrol
32:15 Imperial Camel Rider
34:15 Plate Barding Armor
33:43 Padded Archer Armor
35:34 Two-Man Saw
34:58 Leather Archer Armor
34:35 Fletching
35:50 Conscription
37:53 Grand Trunk Road
37:19 Imperial Camel Rider
39:49 Plate Barding Armor
39:48 Ring Archer Armor
44:02 Iron Casting
43:44 Chain Mail Armor
51:25 Shatagni
55:57 Hand Cart
56:27 Coinage
nguyenducminhhieu
6:44 Loom
9:50 Feudal Age
13:00 Wheelbarrow
12:34 Horse Collar
12:42 Double-Bit Axe
21:33 Castle Age
21:44 Gold Mining
22:43 Hand Cart
22:30 Heavy Plow
22:43 Bow Saw
22:54 Bloodlines
27:02 Forging
26:57 Scale Barding Armor
28:20 Iron Casting
33:37 Imperial Age
31:26 Stone Mining
32:11 Gold Shaft Mining
31:26 Stone Mining
32:11 Gold Shaft Mining
32:35 Caravan
32:16 Capped Ram
33:42 Elite Steppe Lancer
35:45 Blast Furnace
35:05 Chain Barding Armor
35:42 Town Watch
36:30 Crop Rotation
37:02 Two-Man Saw
35:58 Siege Ram
38:49 Plate Barding Armor
41:15 Onager
43:29 Chemistry
43:00 Siege Onager
48:11 Light Cavalry
49:35 Hussar
50:44 Hussar
bananaa
5:48 Loom
8:06 Feudal Age
8:36 Double-Bit Axe
12:29 Forging
17:03 Wheelbarrow
20:25 Castle Age
18:50 Horse Collar
20:43 Bloodlines
20:40 Scale Barding Armor
22:14 Bow Saw
25:12 Iron Casting
28:09 Heavy Plow
29:46 Stone Mining
32:38 Imperial Age
30:16 Fletching
31:11 Ballistics
31:08 Bodkin Arrow
31:30 Hand Cart
31:46 Town Watch
32:44 Gold Mining
33:24 Bracer
33:45 Conscription
34:06 Stone Shaft Mining
34:30 Thumb Ring
34:38 Padded Archer Armor
34:43 Husbandry
36:17 Leather Archer Armor
37:04 Chemistry
37:56 Town Patrol
37:55 Elite Mangudai
39:32 Careening
39:18 Murder Holes
39:38 Caravan
40:35 Parthian Tactics
42:19 Onager
45:07 Drill
45:14 Siege Onager
46:25 Siege Engineers
48:26 Herbal Medicine
50:38 Chain Barding Armor
51:19 Blast Furnace
49:41 Light Cavalry
52:29 Hoardings
53:33 Hussar
amir981227
0:57 Loom
5:07 Loom
11:27 Feudal Age
16:24 Castle Age
14:25 Double-Bit Axe
14:27 Horse Collar
18:11 Bow Saw
18:58 Heavy Plow
25:54 Wheelbarrow
29:27 Imperial Age
27:37 Hand Cart
27:52 Gold Mining
27:55 Stone Mining
32:26 Imperial Age
30:07 Gambesons
30:10 Arson
30:33 Scale Mail Armor
32:21 Gold Shaft Mining
32:21 Stone Shaft Mining
33:02 Man-at-Arms
34:01 Chain Mail Armor
33:56 Forging
33:09 Pikeman
34:15 Conscription
33:54 Elite Woad Raider
34:28 Halberdier
36:04 Plate Mail Armor
36:10 Iron Casting
37:53 Caravan
39:57 Blast Furnace
38:51 Stronghold
46:01 Onager
47:11 Siege Onager
58:55 Heavy Scorpion
Connection lost

Rejoining the realm…

Still unreachable

The connection could not be restored.

Session expired

The server has moved on; the page needs a fresh start.